 Dungeon Crawl Stone Soup version 0.25-a0-591-g2ad0d861f1 (webtiles) character file.

Game seed: 14589420305623943761, levelgen mode: deterministic

40625 Esekla the Spry (level 13, -5/63 HPs)
             Began as a Spriggan Artificer on Mar 14, 2020.
             Was an Initiate of Gozag.
             Slain by a catoblepas (11 damage)
             ... while petrified by you
             ... on level 6 of the Lair of Beasts on Mar 15, 2020.
             The game lasted 03:20:40 (24864 turns).

Esekla the Spry (Spriggan Artificer)               Turns: 24864, Time: 03:20:40

Health: -5/63      AC: 11    Str:  8    XL:     13   Next: 75%
Magic:  26/29      EV:  4    Int: 22    God:    Gozag
Gold:   2254       SH:  0    Dex: 17    Spells: 11/35 levels left

rFire    + + .     SeeInvis +   P - +6 scimitar (pain)
rCold    . . .     Gourm    .   (shield restricted)
rNeg     + + +     Faith    .   y - +0 troll leather armour
rPois    ∞         Spirit   .   g - +2 hat
rElec    .         Reflect  .   K - +2 cloak
rCorr    .         Harm     .   (gloves unavailable)
MR       ++...                  (boots unavailable)
Stlth    ++........             H - amulet of regeneration
HPRegen  1.00/turn              n - ring "Lemanozymi" {rPois rF+}
MPRegen  0.21/turn              s - +5 ring of intelligence

@: petrified, studying Dodging, very quick
A: very small, unfitting armour, antennae 1, iridescent scales 1, see invisible,
fire resistance 1, herbivore, speed 3, mutation resistance 1, robust 1, slow
metabolism 2
a: Potion Petition, Call Merchant, Bribe Branch, Renounce Religion


You were on level 6 of the Lair of Beasts.
You worshipped Gozag.
Gozag was most pleased with you.
You were not hungry.

You visited 3 branches of the dungeon, and saw 18 of its levels.
You also visited: Sewer, Gauntlet and Volcano.

You collected 3544 gold pieces.
You spent 1104 gold pieces at shops.
You paid 186 gold pieces to Gozag.

Inventory:

Hand Weapons
 v - a +4 dagger of venom
 w - a +2 vampiric dagger
 I - a +5 short sword of freezing
 L - a +3 spear of venom
 P - a +6 scimitar of pain (weapon)
Missiles
 a - 62 poisoned darts
 S - 4 boomerangs (quivered)
Armour
 d - a scarf of resistance
 g - a +2 hat (worn)
 y - a +0 troll leather armour (worn)
 A - a +2 robe of magic resistance
 B - +0 fire dragon scales
 J - a +2 leather armour of fire resistance
 K - a +2 cloak (worn)
 V - a scarf of repulsion
Jewellery
 n - the ring "Lemanozymi" (left hand) {rPois rF+}
   (You found it in a Gauntlet)

   [ring of poison resistance]

   It protects you from fire.
   It protects you from poison.
 r - an uncursed ring of protection from cold
 s - a +5 ring of intelligence (right hand)
 t - an uncursed ring of fire
 F - an uncursed ring of protection from fire
 H - an amulet of regeneration (around neck)
 U - an uncursed ring of flight
Wands
 c - a wand of flame (42)
 e - a wand of clouds (5)
 C - a wand of polymorph (8)
 G - a wand of iceblast (13)
 O - a wand of acid (8)
 Q - a wand of disintegration (7)
Scrolls
 h - 7 scrolls of remove curse
 o - 2 scrolls of magic mapping
 p - 2 scrolls of fog
 E - 4 scrolls of fear
 R - a scroll of teleportation
 T - a scroll of blinking {unknown}
 Y - 2 scrolls of identify
Potions
 i - 2 potions of might
 j - 3 potions of brilliance
 k - 6 potions of curing
 l - 3 potions of lignification
 m - 2 potions of mutation
 q - a potion of cancellation
 u - 2 potions of degeneration
 x - 2 potions of magic
 z - a potion of flight
 D - a potion of haste
 M - 2 potions of stabbing
 N - 2 potions of ambrosia
 W - a potion of resistance
Books
 b - a manual of Dodging
Miscellaneous
 X - a tin of tremorstones
Comestibles
 f - 27 rations


   Skills:
 - Level 2.2 Fighting
 + Level 12.1(12.2) Short Blades
 + Level 1.1(6.1) Long Blades
 - Level 4.1 Throwing
 * Level 2.4 Armour
 * Level 16.4 Dodging
 - Level 3.1 Stealth
 * Level 11.7 Spellcasting
 * Level 4.8 Conjurations
 * Level 4.7 Charms
 + Level 3.2 Translocations
 + Level 4.2 Transmutations
 * Level 4.6 Fire Magic
 * Level 2.9 Ice Magic
 * Level 5.0 Air Magic
 + Level 3.1 Earth Magic
 + Level 5.2 Poison Magic
 - Level 4.0 Evocations


You had 11 spell levels left.
You knew the following spells:

 Your Spells              Type           Power        Failure   Level  Hunger
a - Passwall              Tmut/Erth      ####....     2%          2    None
b - Blink                 Tloc           N/A          3%          2    None
c - Mephitic Cloud        Conj/Pois/Air  #####...     2%          3    None
d - Magic Dart            Conj           ####         1%          1    None
f - Conjure Flame         Conj/Fire      ####....     3%          3    None
v - Poisonous Vapours     Pois/Air       #####.       1%          2    None
x - Olgreb's Toxic Radia  Pois           #####...     9%          4    None
y - Sticky Flame          Conj/Fire      ####....     11%         4    None
z - Ozocubu's Armour      Chrm/Ice       ####....     4%          3    None

Your spell library contained the following spells:

 Spells                   Type           Power        Failure   Level  Hunger
 Beastly Appendage        Tmut           ####..       1%          1    None
 Foxfire                  Conj/Fire      ####         1%          1    None
 Sandblast                Erth           ####..       1%          1    None
 Sting                    Tmut/Pois      ####         1%          1    None
 Sticks to Snakes         Tmut           ####....     1%          2    None
 Freeze                   Ice            ####         2%          1    None
 Ignite Poison            Fire/Tmut/Pois ####....     3%          3    None
 Spider Form              Tmut/Pois      ####......   3%          3    None
 Stone Arrow              Conj/Erth      ####..       4%          3    None
 Frozen Ramparts          Ice            ####..       6%          3    None
 Corona                   Hex            ##.....      7%          1    None
 Inner Flame              Hex/Fire       ###.....     9%          3    None
 Call Imp                 Summ           ##......     11%         2    None
 Slow                     Hex            ##......     11%         2    None
 Portal Projectile        Hex/Tloc       ###...       11%         3    None
 Hailstorm                Conj/Ice       ####....     14%         4    None
 Ice Form                 Ice/Tmut       ####....     16%         4    None
 Petrify                  Tmut/Erth      ####....     16%         4    None
 Fireball                 Conj/Fire      ####......   28%         5    ####...
 Blade Hands              Tmut           ####......   34%         5    ####...
 Leda's Liquefaction      Hex/Erth       ###.......   36%         4    None
 Summon Ice Beast         Ice/Summ       ###.....     36%         4    None
 Lee's Rapid Deconstruct  Erth           ####......   47%         5    ####...
 Cause Fear               Hex            ##........   56%         4    None
 Freezing Cloud           Conj/Ice/Air   ####......   88%         6    #####..
 Ring of Flames           Chrm/Fire      ####......   100%        7    #######


Dungeon Overview and Level Annotations

Branches:
Dungeon (11/15)            Temple (1/1) D:4            Lair (6/6) D:10
  Swamp (0/4) Lair:3        Snake (0/4) Lair:4        Slime (0/5) Lair:5
  Sewer (visited)         Volcano (visited)         Gauntlet (visited)
    Orc: D:9-12

Altars:
Ashenzari
Cheibriados
Dithmenos
Elyvilon
Fedhas
Gozag
Hepliaklqana
Kikubaaqudgha
Makhleb
Nemelex Xobeh
Okawaru
Qazlal
Ru
Sif Muna
Trog
Uskayaw
Vehumet
Wu Jian
Xom
Yredelemnul
Zin
The Shining One
Jiyva

Shops:
D:9 :

Annotations:
D:4 Ijyb
D:6 exclusion: statue
D:8 derval's ghost, novice DEIE


Innate Abilities, Weirdness & Mutations

You are very small and have problems with some larger weapons.
You are too small for most types of armour.
You have supernaturally acute eyesight. (SInv)
You are a herbivore.
You cover ground extremely quickly.
You need to consume almost no food.
You have a pair of small antennae on your head.
You are partially covered in iridescent scales. (AC +2)
Your flesh is heat resistant. (rF+)
You are somewhat resistant to further mutation.
You are robust. (+10% HP)


Message History

You are engulfed in calcifying dust.
The black mamba bites you but does no damage.
The wyvern is engulfed in calcifying dust.
The catoblepas gores you!!
The black mamba bites you but does no damage.
You are engulfed in calcifying dust.
The black mamba barely misses you.
The wyvern is engulfed in calcifying dust.
The catoblepas gores you!! The black mamba bites you!
* * * LOW HITPOINT WARNING * * *
The wyvern is engulfed in calcifying dust.
The black mamba bites you.
* * * LOW HITPOINT WARNING * * *
The catoblepas gores you!
* * * LOW HITPOINT WARNING * * *
The black mamba bites you!
* * * LOW HITPOINT WARNING * * *
The black mamba stops moving altogether!
The catoblepas gores you!!
You die...
Your body crumbles into a pile of gold.

.................≈##≈≈#
≈
...................#≈≈#
.................≈≈≈≈≈#
..................≈≈≈≈#
.....P...........≈##≈≈#
.......#.#...≈##≈P#
.......####.≈≈≈≈≈≈#
##....####...≈≈P≈# $
.........Y@l##≈≈.
.......S...#≈#!
..........≈≈≈≈
.......##≈≈≈≈≈# .......
..#≈≈# ....... ≈#.≈≈#
#.[.... .≈≈≈≈# .P#..
.≈≈≈P#


You could see a catoblepas, a black mamba (petrified) and a wyvern (petrified).

Vanquished Creatures
  A minotaur (Gauntlet)
  A fire dragon (Volcano)
  5 hydras
  2 two-headed ogres
  Urug (Lair:4)
  2 sea snakes
  An ugly thing (D:11)
  An oklob plant (Gauntlet)
  A cyclops (D:11)
  A manticore (Lair:6)
  A centaur zombie (D:6)
  An apocalypse crab (Gauntlet)
  A black mamba (Lair:6)
  An ice statue (Lair:1)
  10 spiny frogs
  8 komodo dragons
  6 rime drakes
  A tyrant leech (Lair:3)
  2 trolls (D:9)
  4 polar bears
  A raiju (Gauntlet)
  2 slime creatures (D:8)
  12 hippogriffs
  12 yaks
  2 vampires (D:9)
  6 basilisks
  25 wyverns
  7 fire bats (Volcano)
  2 hungry ghosts (D:7)
  3 steam dragons
  2 swamp worms (Lair:3)
  An acid dragon (Gauntlet)
  14 water moccasins
  6 hell hounds (Volcano)
  An orc warrior (D:7)
  6 porcupines
  6 sky beasts
  3 phantoms
  4 black bears
  An ice beast (D:9)
  8 ogres
  2 centaurs (D:6)
  17 wolves
  7 crocodiles
  5 big kobolds
  16 bullfrogs
  A gnoll sergeant (D:8)
  A wyvern zombie (D:9)
  4 scorpions
  25 killer bees
  8 wights
  5 electric eels
  3 howler monkeys
  A crimson imp (D:9)
  6 jellies
  4 orc priests
  11 orc wizards
  8 hounds
  5 centaur skeletons
  2 bullfrog skeletons
  3 iguanas
  Terence (D:3)
  5 worker ants
  A killer bee zombie (D:8)
  2 hound zombies
  2 hound skeletons
  Robin (D:3)
  9 adders
  10 gnolls
  3 river rats
  4 shadow imps
  5 oozes
  An adder skeleton (D:6)
  4 worms
  2 dart slugs
  5 leopard geckos
  27 orcs
  9 bats
  5 giant cockroaches
  23 goblins
  7 hobgoblins
  9 jackals
  36 kobolds
  9 quokkas
  2 ball pythons
  4 frilled lizards
  3 leopard gecko skeletons
  A quokka skeleton (D:7)
  10 rats
509 creatures vanquished.

Vanquished Creatures (others)
  A hell hog (Volcano)
  10 fungi
  11 plants (Lair:6)
  9 toadstools (D:8)
  24 withered plants (Gauntlet)
55 creatures vanquished.

Grand Total: 564 creatures vanquished

Notes
Turn   | Place    | Note
-------+----------+-------------------------------------------
     0 | D:1      | Esekla the Spriggan Artificer began the quest for the Orb.
     0 | D:1      | Reached XP level 1. HP: 9/9 MP: 4/4
   101 | D:1      | Reached XP level 2. HP: 12/14 MP: 6/6
   165 | D:1      | Reached skill level 1 in Spellcasting
   639 | D:2      | Reached XP level 3. HP: 13/17 MP: 7/7
  1240 | D:2      | Found a bloodstained altar of Trog.
  1343 | D:2      | Reached skill level 4 in Dodging
  1497 | D:2      | Found a shattered altar of Ashenzari.
  1504 | D:2      | Reached XP level 4. HP: 18/21 MP: 8/8
  1946 | D:3      | Found a basalt altar of Yredelemnul.
  2004 | D:3      | Found a white marble altar of Elyvilon.
  2075 | D:3      | Noticed Robin
  2118 | D:3      | Killed Robin
  2285 | D:3      | Reached XP level 5. HP: 22/25 MP: 9/9
  2306 | D:3      | Noticed Terence
  2580 | D:3      | Killed Terence
  2580 | D:3      | Reached skill level 5 in Dodging
  3243 | D:5      | Entered Level 5 of the Dungeon
  3306 | D:5      | Found a shimmering blue altar of Sif Muna.
  3340 | D:4      | Learned a level 2 spell: Passwall
  3349 | D:4      | Found a glowing silver altar of Zin.
  3421 | D:4      | Found a staircase to the Ecumenical Temple.
  3556 | Temple   | Entered the Ecumenical Temple
  3782 | D:4      | Found a blossoming altar of Fedhas.
  3783 | D:4      | Noticed Ijyb
  4235 | D:5      | Reached XP level 6. HP: 22/29 MP: 10/10
  4306 | D:5      | Reached skill level 1 in Earth Magic
  4325 | D:5      | Found an opulent altar of Gozag.
  4716 | D:6      | Reached skill level 1 in Fighting
  4716 | D:6      | Reached skill level 5 in Short Blades
  4760 | D:6      | Reached skill level 1 in Transmutations
  4814 | D:6      | Reached XP level 7. HP: 15/33 MP: 11/11
  5178 | D:6      | Reached skill level 6 in Dodging
  5239 | D:6      | Found a glowing drain.
  5248 | Sewer    | Entered a sewer
  5595 | Sewer    | Reached skill level 1 in Throwing
  5636 | Sewer    | Found a white marble altar of Elyvilon.
  5769 | D:6      | Reached XP level 8. HP: 23/37 MP: 12/14
  5778 | D:6      | Reached skill level 7 in Dodging
  6038 | D:6      | Found a shadowy altar of Dithmenos.
  6131 | D:6      | Found a radiant altar of Vehumet.
  6237 | D:6      | Reached skill level 8 in Dodging
  6237 | D:6      | Reached XP level 9. HP: 41/42 MP: 14/16
  6962 | D:7      | Found a sacrificial altar of Ru.
  7007 | D:7      | Reached skill level 9 in Dodging
  7247 | D:6      | Reached skill level 5 in Spellcasting
  7506 | D:6      | Gained mutation: Your body sometimes deteriorates upon
                  | taking damage. [potion of mutation]
  7506 | D:6      | Gained mutation: You have a pair of small antennae on your
                  | head. [potion of mutation]
  7506 | D:6      | Gained mutation: You are partially covered in iridescent
                  | scales. (AC +2) [potion of mutation]
  7506 | D:6      | Gained mutation: Your flesh is heat resistant. (rF+)
                  | [potion of mutation]
  7764 | D:7      | Found a bloodstained altar of Trog.
  7801 | D:7      | Reached skill level 10 in Dodging
  8188 | D:8      | Reached XP level 10. HP: 32/46 MP: 19/19
  8195 | D:8      | Reached skill level 10 in Short Blades
  8614 | D:8      | Found a runed translucent gate.
  8615 | D:8      | Found a runed translucent gate.
  8616 | D:8      | Found a runed translucent gate.
  8619 | D:8      | Found an opulent altar of Gozag.
  8621 | D:8      | Noticed derval's ghost (novice DEIE)
  8892 | D:9      | Reached skill level 11 in Dodging
  8968 | D:9      | Found Ickaacva's Book Boutique.
  9377 | D:10     | Entered Level 10 of the Dungeon
  9394 | D:10     | Learned a level 3 spell: Conjure Flame
  9399 | D:10     | Learned a level 4 spell: Sticky Flame
  9644 | D:11     | Reached skill level 12 in Dodging
  9776 | D:11     | Noticed a cyclops
  9797 | D:11     | HP: 2/46 [cyclops (29)]
  9804 | D:11     | Killed a cyclops
 10050 | D:11     | Learned a level 2 spell: Poisonous Vapours
 10054 | D:11     | Learned a level 3 spell: Mephitic Cloud
 10380 | D:9      | Noticed a two-headed ogre
 10393 | D:9      | Reached skill level 1 in Poison Magic
 10403 | D:9      | Killed a two-headed ogre
 10403 | D:9      | Reached skill level 13 in Dodging
 10403 | D:9      | Reached skill level 1 in Conjurations
 10862 | D:8      | Reached XP level 11. HP: 49/50 MP: 21/21
 10917 | D:8      | Reached skill level 1 in Fire Magic
 11425 | D:8      | Found a hazy altar of Hepliaklqana.
 11425 | D:8      | Found a snail-covered altar of Cheibriados.
 11426 | D:8      | Found a shimmering altar of Xom.
 11888 | D:9      | Reached skill level 1 in Air Magic
 12425 | D:8      | Became a worshipper of Gozag Ym Sagoz the Greedy
 12874 | D:9      | Lost mutation: Your body sometimes deteriorates upon taking
                  | damage. [potion of mutation]
 12874 | D:9      | Gained mutation: You are robust. (+10% HP) [potion of
                  | mutation]
 12874 | D:9      | Gained mutation: You are somewhat resistant to further
                  | mutation. [potion of mutation]
 13797 | D:10     | Noticed a two-headed ogre
 13843 | D:10     | Killed a two-headed ogre
 13911 | D:10     | Learned a level 2 spell: Blink
 13913 | D:10     | Learned a level 1 spell: Magic Dart
 14194 | D:10     | Reached skill level 1 in Translocations
 14238 | D:10     | Found a staircase to the Lair.
 14806 | D:11     | Noticed a cyan ugly thing
 14844 | D:11     | Killed a cyan ugly thing
 14991 | Lair:1   | Entered Level 1 of the Lair of Beasts
 17493 | Lair:3   | Found a gate leading to a gauntlet.
 17502 | Gauntlet | Entered a Gauntlet
 17502 | Gauntlet | Found a transporter.
 17510 | Gauntlet | Noticed a necromancer
 17512 | Gauntlet | Found a transporter.
 17527 | Gauntlet | Found a transporter.
 17535 | Gauntlet | Found a transporter.
 17550 | Gauntlet | Noticed a brown ugly thing
 17551 | Gauntlet | Noticed a great orb of eyes
 17551 | Gauntlet | Noticed a cyan ugly thing
 17556 | Gauntlet | Found a transporter.
 17569 | Gauntlet | Found a transporter.
 17569 | Gauntlet | Noticed a wretched star
 17577 | Gauntlet | Noticed a hell hog
 17584 | Gauntlet | Found a transporter.
 17593 | Gauntlet | Found a transporter.
 17593 | Gauntlet | Noticed a wretched star
 17605 | Gauntlet | Found a transporter.
 17620 | Gauntlet | Found a transporter.
 17620 | Gauntlet | Found a transporter.
 17622 | Gauntlet | Found a transporter.
 17643 | Gauntlet | Found a transporter.
 17660 | Gauntlet | Found a transporter.
 17679 | Gauntlet | Found a transporter.
 17680 | Gauntlet | Noticed an oklob plant
 17708 | Gauntlet | Found a transporter.
 17740 | Gauntlet | Found a transporter.
 17742 | Gauntlet | Found a transporter.
 17867 | Gauntlet | Reached XP level 12. HP: 59/59 MP: 22/25
 18168 | Gauntlet | Got a warped platinum ring
 18170 | Gauntlet | Identified the ring "Lemanozymi" {rPois rF+} (You found it
                  | in a Gauntlet)
 18172 | Gauntlet | Noticed a minotaur
 18179 | Gauntlet | Killed a minotaur
 18352 | Lair:3   | Reached skill level 14 in Dodging
 18426 | Lair:3   | Found a shimmering blue altar of Sif Muna.
 18619 | Lair:3   | Noticed a seven-headed hydra
 18632 | Lair:3   | Killed a seven-headed hydra
 19169 | D:9      | Bought a manual of Dodging for 1104 gold pieces
 19426 | Lair:3   | Noticed a six-headed hydra
 19460 | Lair:3   | Killed a six-headed hydra
 19463 | Lair:3   | Reached skill level 10 in Spellcasting
 19504 | Lair:3   | Noticed an eight-headed hydra
 19533 | Lair:3   | Killed an eight-headed hydra
 19533 | Lair:3   | Reached skill level 1 in Long Blades
 19600 | Lair:3   | Found a staircase to the Swamp.
 19923 | Lair:3   | Reached skill level 1 in Armour
 20166 | Lair:3   | Learned a level 4 spell: Olgreb's Toxic Radiance
 20229 | Lair:4   | Learned a level 3 spell: Ozocubu's Armour
 20253 | Lair:4   | Reached skill level 1 in Charms
 20364 | Lair:4   | Reached skill level 1 in Ice Magic
 20519 | Lair:4   | Noticed Urug
 20799 | Lair:4   | Killed Urug
 20837 | Lair:4   | Found a staircase to the Snake Pit.
 21200 | Lair:5   | Reached XP level 13. HP: 63/63 MP: 20/28
 21271 | Lair:5   | Found a dark tunnel.
 21290 | Volcano  | Entered a volcano
 21323 | Volcano  | Noticed a fire dragon
 21361 | Volcano  | Killed a fire dragon
 21361 | Volcano  | Reached skill level 15 in Dodging
 23185 | Lair:5   | Found a viscous altar of Jiyva.
 23185 | Lair:5   | Found a staircase to the Slime Pits.
 23540 | Lair:5   | You fall into a shaft and drop 1 floor!
 23540 | Lair:6   | Entered Level 6 of the Lair of Beasts
 23830 | Lair:6   | Reached skill level 5 in Poison Magic
 24133 | Lair:5   | Reached skill level 16 in Dodging
 24745 | Lair:6   | Reached skill level 5 in Air Magic
 24864 | Lair:6   | Slain by a catoblepas

Levels and vault maps discovered:
D:1:      lightli_molten_gateway, layout_loops_ring
D:2:      layout_basic, ashenzari_altar_1, lemuel_coloured_pillars_altar,
          first_ration, minmay_octomino_c4
D:3:      layout_loops_corners, kennysheep_ying_yang, uniq_terence, uniq_robin
D:4:      layout_layer_cave, nicolae_overflow_hidden_temple, old_standard_altar,
          minmay_temple_entry_tees, hangedman_decor_push, uniq_ijyb
D:5:      layout_rooms, overflow_temple_1_default, lemuel_round_altar,
          kennysheep_boxes
D:6:      layout_rooms, vehumet_statue, portal_sewer_entry_b,
          nicolae_dithmenos_the_darkroom
D:7:      layout_loops_cross, nicolae_ru_awakened_eye, basic_altar
D:8:      cheibrodos_fertilizer, layout_gridville,
          gammafunk_temple_overflow_claw, ebering_ghost_gozag
D:9:      kennysheep_blocky_room, layout_long_grid, serial_shops, shop,
          blue_anna_alchemist [blue_anna_fruit_fields, blue_anna_fruit_fields]
D:10:     layout_long_grid, erik_lair_island
D:11:     layout_layer_cave, hiddenorc2_lemuel
Temple:   compressed_dpeg_triangle_lava_temple
Lair:1:   statuecave_lemuel, layout_chaotic_city, guppyfry_lair_drakes,
          infiniplex_staircase_pool, grunt_megastairs_4
Lair:2:   layout_long_grid
Lair:3:   layout_regular_city, palyth_hydra_swamp_entry, gauntlet_entry_generic,
          basic_altar, beast_lair_carwin_1
Lair:4:   layout_misc_corridors, guppyfry_snake_entry_island,
          beast_lair_carwin_7, grunt_megastairs_2, uniq_urug
Lair:5:   layout_cave_pods, slime_altar_1, enter_volcano_4, beast_lair_carwin_8
Lair:6:   gammafunk_lair_ancient_temple, layout_cave_pods, special_room
          [special_room_mythical_zoo], minivault_26

Skill      XL: |  1  2  3  4  5  6  7  8  9 10 11 12 13 |
---------------+----------------------------------------+-----
Spellcasting   | 1 2 3 4 5 6 8 10 11 | 11.7
Short Blades   | 2 3 4 5 6 7 9 11 12 | 12.1
Stealth        | 2 3 |  3.1
Dodging        | 4 5 6 8 10 13 14 16 | 16.4
Earth Magic    | 1 2 3 |  3.1
Fighting       | 1 2 |  2.2
Transmutations | 1 2 4 |  4.2
Throwing       | 1 2 3 4 |  4.1
Poison Magic   | 1 3 4 5 |  5.2
Conjurations   | 1 2 4 |  4.8
Fire Magic     | 3 4 |  4.6
Air Magic      | 3 4 5 |  5.0
Translocations | 2 3 |  3.2
Long Blades    | 1 |  1.1
Armour         | 1 2 |  2.4
Charms         | 2 4 |  4.7
Ice Magic      | 1 2 |  2.9
Evocations     | |  4.0

Action                   |  1- 3 |  4- 6 |  7- 9 | 10-12 | 13-15 || total
-------------------------+-------+-------+-------+-------+-------++-------
Melee: Short sword       |    39 |       |       |     8 |    73 ||   120
       Dagger            |    99 |   208 |   509 |   895 |   250 ||  1961
       Trident           |       |       |       |    69 |       ||    69
       Spear             |       |       |       |    79 |       ||    79
       Falchion          |       |       |       |     7 |       ||     7
       Scimitar          |       |       |       |       |    21 ||    21
Throw: Dart              |     2 |    16 |    38 |    22 |     2 ||    80
       Boomerang         |       |       |       |    12 |     1 ||    13
 Cast: Conjure Flame     |       |       |       |    46 |     2 ||    48
       Poisonous Vapours |       |       |       |    44 |    17 ||    61
       Mephitic Cloud    |       |       |       |    30 |     9 ||    39
       Magic Dart        |       |       |       |    57 |     6 ||    63
       Sticky Flame      |       |       |       |    42 |    23 ||    65
       Ozocubu's Armour  |       |       |       |     2 |     4 ||     6
       Blink             |       |       |       |     1 |     1 ||     2
Evoke: Wand              |       |       |       |       |     3 ||     3
  Use: Scroll            |     1 |     9 |     6 |    10 |     5 ||    31
       Potion            |       |     1 |     7 |    10 |     3 ||    21
 Stab: Sleeping          |     6 |     8 |     5 |    20 |     1 ||    40
       Distracted        |       |     1 |     4 |     2 |     2 ||     9
       Confused          |       |       |       |    18 |    24 ||    42
  Eat: Ration            |       |     1 |     4 |     8 |     3 ||    16
Armor: Robe              |    14 |    16 |    34 |    54 |       ||   118
       Troll leather arm |       |       |       |    14 |    26 ||    40
Dodge: Dodged            |   133 |   135 |   396 |   851 |   282 ||  1797
       Rpst.: Falchion   |       |       |       |     6 |       ||     6
       Scimitar          |       |       |       |       |     7 ||     7

Table legend:
 A = Non-vault XP
 B = Vault XP
 C = Vault XP percentage of total XP
 D = Non-vault monster count
 E = Vault monster count
 F = Vault count percentage of total count
                 A         B        C        D         E       F
            +---------+---------+-------+---------+---------+-------
      Total |   30198 |   27839 |  48.0 |     356 |     154 |  30.2
            +---------+---------+-------+---------+---------+-------
        D:1 |      38 |       0 |   0.0 |      19 |       0 |   0.0
        D:2 |      54 |      12 |  18.2 |      22 |       5 |  18.5
        D:3 |     130 |      69 |  34.7 |      30 |      12 |  28.6
        D:4 |      41 |       0 |   0.0 |       4 |       0 |   0.0
        D:5 |     192 |       0 |   0.0 |      15 |       0 |   0.0
        D:6 |    2193 |      44 |   2.0 |      39 |       5 |  11.4
        D:7 |    2679 |       0 |   0.0 |      51 |       0 |   0.0
        D:8 |    1650 |     570 |  25.7 |      27 |      18 |  40.0
        D:9 |    3381 |    1224 |  26.6 |      28 |       9 |  24.3
       D:10 |    2438 |     522 |  17.6 |      20 |       7 |  25.9
       D:11 |    1939 |       0 |   0.0 |      23 |       0 |   0.0
     Lair:1 |    1862 |     433 |  18.9 |      12 |       1 |   7.7
     Lair:2 |    1943 |       0 |   0.0 |      14 |       0 |   0.0
     Lair:3 |    2216 |    6460 |  74.5 |      11 |      15 |  57.7
     Lair:4 |    1613 |    2562 |  61.4 |      10 |       9 |  47.4
     Lair:5 |    4523 |    2643 |  36.9 |      19 |      11 |  36.7
     Lair:6 |    3306 |    6266 |  65.5 |      12 |      28 |  70.0
      Sewer |       0 |     133 | 100.0 |       0 |      11 | 100.0
    Volcano |       0 |    3859 | 100.0 |       0 |      16 | 100.0
   Gauntlet |       0 |    3042 | 100.0 |       0 |       7 | 100.0
            +---------+---------+-------+---------+---------+-------
